 Dungeon Crawl Stone Soup version 0.27-a0-1280-g9d2d252d84 (webtiles) character file.

Game seed: 937366393233082935

1213690 Essalna the Petrodigitator (level 27, -1/199 HPs)
             Began as a Gargoyle Earth Elementalist on June 12, 2021.
             Was the Champion of Vehumet.
             Slain by an emperor scorpion (13 damage)
             ... summoned by a royal mummy
             ... on level 3 of the Tomb of the Ancients on June 13, 2021.
             The game lasted 06:07:48 (134178 turns).

Essalna the Petrodigitator (GrEE)                 Turns: 134178, Time: 06:07:49

Health: -1/199     AC: 31    Str: 13    XL:     27
Magic:  34/63      EV: 19    Int: 42    God:    Vehumet [******]
Gold:   15248      SH: 19    Dex: 10    Spells: 15/80 levels left

rFire    + + .     SeeInvis +   T - staff of earth
rCold    + + .     Faith    .   y - +2 kite shield "Kohiut" {Rampage Int+4}
rNeg     + + .     Spirit   .   E - +2 robe {Archmagi}
rPois    ∞         Reflect  .   L - -2 hat of the Alchemist {rElec rPois rF+ rC+ rN+ Will+ rMut rCorr}
rElec    +         Harm     .   V - scarf {rC+ rF+}
rCorr    +         Rampage  +   c - +1 pair of gloves of Beodyine {Int+4 SInv}
rMut     +                      M - +2 pair of boots {Stlth+}
Will     +++..                  I - amulet of magic regeneration
Stlth    +++.......             b - ring of magical power
HPRegen  0.43/turn              t - ring of Uvanig {Wiz Int+6}
MPRegen  0.63/turn

@: flying, studying 7 skills
A: sickness immunity, AC +20, big wings, negative energy resistance 1,
electricity resistance, torment resistance 1, petrification resistance
}: 8/15 runes: barnacled, slimy, silver, iron, obsidian, icy, bone, gossamer
a: Renounce Religion


You were on level 3 of the Tomb of the Ancients.
You worshipped Vehumet.
Vehumet was exalted by your worship.
You visited 17 branches of the dungeon, and saw 84 of its levels.
You visited 1 ziggurat, and saw 20 of its levels.
You also visited: Sewer and Ice Cave.

You collected 18563 gold pieces.
You spent 3315 gold pieces at shops.

Inventory:

Hand Weapons
 l - the +0 staff of Battle
   (You found it on level 3 of the Crypt)
Missiles
 S - 8 stones
Armour
 c - the +1 pair of gloves of Beodyine (worn) {Int+4 SInv}
   (You found it on level 6 of the Lair of Beasts)

   It affects your intelligence (+4).
   It lets you see invisible.
 n - the +1 helmet of Blue Awe {Int+7}
   (You found it on level 14 of a ziggurat)

   It affects your intelligence (+7).
 y - the +2 kite shield "Kohiut" (worn) {Rampage Int+4}
   (You acquired it on level 9 of a ziggurat)

   It affects your intelligence (+4).
   It bestows one free step when moving towards enemies.
 E - a +2 robe of the Archmagi (worn)
 L - the -2 hat of the Alchemist (worn) {rElec rPois rF+ rC+ rN+ Will+ rMut rCorr}
   (You found it on level 3 of the Elven Halls)

   It protects you from fire.
   It protects you from cold.
   It insulates you from electricity.
   It protects you from poison.
   It protects you from negative energy.
   It protects you from acid and corrosion.
   It protects you from mutation.
   It increases your willpower.
 M - a +2 pair of boots of stealth (worn)
 V - a scarf of resistance (worn)
 X - the +2 robe "Xoixoell" {Will++ Str-4 Dex-4 SInv}
   (You found it on level 4 of the Spider Nest)

   It affects your strength (-4).
   It affects your dexterity (-4).
   It lets you see invisible.
   It greatly increases your willpower.
Magical Staves
 p - a staff of fire
 N - a staff of cold
 T - a staff of earth (weapon)
Jewellery
 a - the amulet "Xyxixyu" {Spirit Regen+ Str+7 Dex-3 Stlth+}
   (You took it off a deep elf high priest on level 3 of the Elven Halls)

   [amulet of guardian spirit]

   It causes incoming damage to be divided between your reserves of health and
   magic.
   It affects your strength (+7).
   It affects your dexterity (-3).
   It increases your rate of health regeneration.
   It makes you more stealthy.
 b - a ring of magical power (left hand)
 d - the ring of Etre {Drain +Blink rPois SInv Stlth-}
   (You found it on level 7 of Tartarus)

   [ring of poison resistance]

   It protects you from poison.
   It lets you see invisible.
   It lets you blink.
   It drains your maximum health when unequipped.
   It makes you less stealthy.
 f - the ring of Kizesamo {rN+ AC+4 Str-2 Dex+2}
   (You found it on level 7 of Tartarus)

   [ring of protection]

   It affects your AC (+4).
   It affects your strength (-2).
   It affects your dexterity (+2).
   It protects you from negative energy.
 h - a ring of magical power
 i - the ring of Ebecs {Drain rC+ Will- EV+4 Str+8}
   (You found it on level 7 of Gehenna)

   [ring of evasion]

   It affects your evasion (+4).
   It affects your strength (+8).
   It protects you from cold.
   It drains your maximum health when unequipped.
   It decreases your willpower.
 j - a ring of resist corrosion
 k - a ring of fire
 s - the amulet of the Four Winds {rN+ Will+++ Clar}
   (You found it on level 20 of a ziggurat)

   [amulet of nothing]

   It protects you from negative energy.
   It protects you against confusion.
   It greatly increases your willpower.
 t - the ring of Uvanig (right hand) {Wiz Int+6}
   (You found it on level 7 of a ziggurat)

   [ring of wizardry]

   It improves your spell success rate.
   It affects your intelligence (+6).
 v - the ring of Futunniny {rCorr SInv}
   (You found it on level 7 of Tartarus)

   [ring of see invisible]

   It lets you see invisible.
   It protects you from acid and corrosion.
 z - the ring of the Sixty-Six Xeniums {Will+ Str+4 Int+3}
   (You found it on level 18 of a ziggurat)

   [ring of willpower]

   It affects your strength (+4).
   It affects your intelligence (+3).
   It increases your willpower.
 I - an amulet of magic regeneration (around neck)
 J - a +4 ring of slaying
 O - the ring of the Tortoise {AC+8}
   (You found it on level 7 of Gehenna)

   [ring of protection]

   It affects your AC (+8).
 P - a ring of see invisible
 U - an amulet of regeneration
 Z - the ring "Riusocy" {rC+ MP+9 Str+4}
   (You found it on level 5 of a ziggurat)

   [ring of magical power]

   It affects your strength (+4).
   It protects you from cold.
   It affects your magic capacity (+9).
Scrolls
 m - 12 scrolls of immolation
 q - 48 scrolls of identify
 A - 2 scrolls of silence
 B - 16 scrolls of enchant armour
 D - 20 scrolls of amnesia
 F - 6 scrolls of magic mapping
 G - 15 scrolls of fog
 K - 17 scrolls of teleportation
 Q - 4 scrolls of fear
 W - 20 scrolls of enchant weapon
 Y - 9 scrolls of blinking
Potions
 e - 34 potions of curing
 g - 5 potions of invisibility
 o - 14 potions of brilliance
 r - 8 potions of might
 u - 9 potions of haste
 w - 4 potions of resistance
 x - 13 potions of cancellation
 C - 5 potions of heal wounds
 H - 16 potions of mutation
 R - 4 potions of ambrosia


   Skills:
 O Level 27 Fighting
 + Level 22.0 Armour
 + Level 20.6 Dodging
 - Level 2.1 Stealth
 + Level 25.3 Shields
 O Level 27 Spellcasting
 + Level 22.7 Conjurations
 + Level 16.7 Necromancy
 - Level 8.6 Translocations
 + Level 18.2 Transmutations
 + Level 26.9 Ice Magic
 O Level 27 Earth Magic


You had 15 spell levels left.
You knew the following spells:

 Your Spells              Type           Power      Damage    Failure   Level
a - Sandblast             Erth           100%       2d20      0%          1
b - Stone Arrow           Conj/Erth      100%       3d13      0%          3
c - Petrify               Tmut/Erth      100%       N/A       0%          4
d - Lee's Rapid Deconstr  Erth           94%        3d42*     0%          5
e - Bolt of Magma         Conj/Fire/Erth 82%        4d31      0%          5
f - Iron Shot             Conj/Erth      92%        9d17      0%          6
g - Ozocubu's Refrigerat  Ice            81%        4d21      0%          7
h - Shatter               Erth           94%        3d68*     1%          9
i - Polar Vortex          Ice            81%        N/A       1%          9
j - Necromutation         Tmut/Necr      70%        N/A       1%          8
k - Lehudib's Crystal Sp  Conj/Erth      92%        10d20     1%          8

Your spell library contained the following spells:

 Spells                   Type           Power      Damage    Failure   Level
 Animate Skeleton         Necr           100%       N/A       0%          1
 Apportation              Tloc           100%       N/A       0%          1
 Foxfire                  Conj/Fire      100%       2x1d9     0%          1
 Freeze                   Ice            100%       1d11      0%          1
 Magic Dart               Conj           100%       1d8       0%          1
 Pain                     Necr           100%       1d9       0%          1
 Shock                    Conj/Air       100%       1d9       0%          1
 Sting                    Tmut/Pois      100%       1d8       0%          1
 Blink                    Tloc           N/A        N/A       0%          2
 Corpse Rot               Necr/Air       N/A        N/A       0%          2
 Ensorcelled Hibernation  Hex/Ice        100%       N/A       0%          2
 Passwall                 Tmut/Erth      100%       N/A       0%          2
 Searing Ray              Conj           100%       3d7       0%          2
 Static Discharge         Conj/Air       100%       N/A       0%          2
 Wereblood                Tmut           100%       N/A       0%          2
 Conjure Flame            Conj/Fire      100%       6-21      0%          3
 Dazzling Flash           Conj/Hex       100%       N/A       0%          3
 Frozen Ramparts          Ice            100%       1d12      0%          3
 Gell's Gravitas          Tloc           57%        N/A       0%          3
 Ozocubu's Armour         Ice            100%       N/A       0%          3
 Spider Form              Tmut/Pois      58%        N/A       0%          3
 Vampiric Draining        Necr           69%        2d15      0%          3
 Animate Armour           Summ/Erth      100%       N/A       0%          4
 Animate Dead             Necr           69%        N/A       0%          4
 Hailstorm                Conj/Ice       100%       3d20      0%          4
 Ice Form                 Ice/Tmut       100%       N/A       0%          4
 Iskenderun's Mystic Bla  Conj/Tloc      100%       2d19      0%          4
 Leda's Liquefaction      Hex/Erth       77%        N/A       0%          4
 Summon Ice Beast         Ice/Summ       100%       N/A       0%          4
 Agony                    Necr           100%       N/A       0%          5
 Borgnjor's Vile Clutch   Necr/Erth      89%        N/A       0%          5
 Freezing Cloud           Conj/Ice/Air   69%        6-21      0%          5
 Irradiate                Conj/Tmut      74%        3d38      0%          5
 Iskenderun's Battlesphe  Conj           100%       2d15      0%          5
 Blade Hands              Tmut           71%        N/A       0%          6
 Simulacrum               Ice/Necr       75%        N/A       0%          6
 Orb of Destruction       Conj           76%        9d19      0%          7
 Corona                   Hex            78%        N/A       1%          1
 Summon Small Mammal      Summ           100%       N/A       1%          1
 Call Imp                 Summ           71%        N/A       1%          2
 Poisonous Vapours        Pois/Air       100%       N/A       1%          2
 Slow                     Hex            71%        N/A       1%          2
 Call Canine Familiar     Summ           71%        N/A       1%          3
 Confusing Touch          Hex            71%        N/A       1%          3
 Ignite Poison            Fire/Tmut/Pois 100%       N/A       1%          3
 Inner Flame              Hex/Fire       71%        N/A       1%          3
 Mephitic Cloud           Conj/Pois/Air  100%       N/A       1%          3
 Portal Projectile        Hex/Tloc       100%       N/A       1%          3
 Summon Guardian Golem    Hex/Summ       71%        N/A       1%          3
 Swiftness                Air            71%        N/A       1%          3
 Airstrike                Air            35%        N/A       1%          4
 Cause Fear               Hex            35%        N/A       1%          4
 Fulminant Prism          Conj/Hex       61%        3d27      1%          4
 Olgreb's Toxic Radiance  Pois           71%        N/A       1%          4
 Passage of Golubria      Tloc           N/A        N/A       1%          4
 Sticky Flame             Conj/Fire      100%       2d11      1%          4
 Summon Lightning Spire   Summ/Air       71%        N/A       1%          4
 Alistair's Intoxication  Tmut/Pois      77%        N/A       1%          5
 Fireball                 Conj/Fire      61%        3d23      1%          5
 Lightning Bolt           Conj/Air       61%        1d84      1%          5
 Manifold Assault         Tloc           100%       N/A       1%          5
 Metabolic Englaciation   Hex/Ice        65%        N/A       1%          5
 Yara's Violent Unravell  Hex/Tmut       58%        3d22      1%          5
 Conjure Ball Lightning   Conj/Air       61%        3x3d22    1%          6
 Death Channel            Necr           69%        N/A       1%          6
 Dispersal                Tloc           57%        N/A       1%          6
 Eringya's Noxious Bog    Tmut/Pois      58%        N/A       1%          6
 Starburst                Conj/Fire      61%        8x6d16    1%          6
 Spellforged Servitor     Conj/Summ      61%        N/A       1%          7
 Borgnjor's Revivificati  Necr           69%        N/A       1%          8
 Infestation              Necr           69%        N/A       1%          8
 Storm Form               Tmut/Air       58%        N/A       2%          7
 Silence                  Hex/Air        35%        N/A       3%          5
 Haunt                    Necr/Summ      56%        N/A       3%          7
 Death's Door             Necr           69%        N/A       12%         9
 Invisibility             Hex            35%        N/A       16%         6
 Shadow Creatures         Summ           N/A        N/A       16%         6
 Malign Gateway           Summ/Tloc      48%        N/A       16%         7
 Disjunction              Tloc           57%        N/A       21%         8
 Chain Lightning          Conj/Air       61%        3d82      26%         9
 Fire Storm               Conj/Fire      61%        8d16      26%         9
 Monstrous Menagerie      Summ           35%        N/A       63%         7
 Ignition                 Fire           35%        3d11      78%         8
 Summon Horrible Things   Summ           35%        N/A       99%         8
 Dragon's Call            Summ           35%        N/A       100%        9
 Sublimation of Blood     Necr           Unusable   N/A       N/A         2
 Statue Form              Tmut/Erth      Unusable   N/A       N/A         6

Dungeon Overview and Level Annotations

Branches:
Dungeon (15/15)            Temple (1/1) D:5            Lair (6/6) D:8
 Shoals (4/4) Lair:2       Spider (4/4) Lair:4        Slime (5/5) Lair:6
    Orc (2/2) D:10            Elf (3/3) Orc:2        Vaults (5/5) D:14
  Crypt (3/3) Vaults:2       Tomb (3/3) Crypt:3      Depths (5/5) D:15
   Hell (visited)             Dis (7/7) Hell            Geh (7/7) Hell
    Coc (7/7) Hell            Tar (7/7) Hell            Zot (0/5) Depths:5
  Sewer (visited)           IceCv (visited)

Altars:
Ashenzari
Cheibriados
Dithmenos
Elyvilon
Fedhas
Gozag
Hepliaklqana
Kikubaaqudgha
Makhleb
Nemelex Xobeh
Okawaru
Qazlal
Ru
Sif Muna
Trog
Uskayaw
Vehumet
Wu Jian
Xom
Yredelemnul
Zin
The Shining One
Beogh
Jiyva

Shops:
D:1 =*:*   D:7 (   D:9 *   Orc:2 (*=[   Elf:2 (   Shoals:1 =   Vaults:1 (
Vaults:3 [   Vaults:5 ([   Depths:1 :==*   Depths:4 :

Portals:
Hell: Depths:1 Depths:2 Depths:3 Depths:4 Depths:5
Abyss: Lair:5 Depths:2 Depths:3 Depths:4
Pandemonium: Depths:3

Annotations:
D:4 4 transporters, anet's ghost, amateur GnDe
D:5 Pikel
D:12 2 runed translucent doors
D:15 2 transporters, Bankemomn's ghost, journeyman NaIE
Lair:2 exclusion: 2 oklob plants
Lair:5 2 transporters, exclusion: oklob plant, wpisznazwe's ghost, journeyman GnWn
Depths:5 3 runed translucent doors


Innate Abilities, Weirdness & Mutations

You are immune to sickness and miasma.
Your stone body is resilient. (AC +20)
You are immune to poison.
Your large and strong wings let you fly.
You resist negative energy. (rN+)
You are resistant to electric shocks. (rElec)
You are resistant to unholy torment.
You are immune to petrification.


Message History

Casting: Bolt of Magma (safe; 0% risk of failure)
Confirm with . or Enter, or press ? or * to list all spells.
Aiming: Bolt of Magma (safe; 0% risk of failure)
Press: ? - help, Shift-Dir - straight line, f - death scarab
Aim: a death scarab (69% to hit)
You feel a strong surge of power!
The bolt of magma hits the death scarab!!!
You destroy the death scarab!
Vehumet accepts your kill.
You feel your power returning.
Casting: Bolt of Magma (safe; 0% risk of failure)
Confirm with . or Enter, or press ? or * to list all spells.
Aiming: Bolt of Magma (safe; 0% risk of failure)
Press: ? - help, Shift-Dir - straight line, f - mummy
Aim: a mummy (90% to hit)
You feel a strong surge of power!
The bolt of magma hits the mummy!!!!
The mummy is burned terribly!
You destroy the mummy!
Vehumet accepts your kill.
You feel your power returning.
You are confused.
You feel invigorated.
A royal mummy comes into view.
The royal mummy casts a spell.
You feel yourself speed up. The emperor scorpion stings you!
* * * LOW HITPOINT WARNING * * *
The emperor scorpion claws you but does no damage. x2
The emperor scorpion stings you!
* * * LOW HITPOINT WARNING * * *
The emperor scorpion claws you.
* * * LOW HITPOINT WARNING * * *
The emperor scorpion closely misses you.
The emperor scorpion misses you. The emperor scorpion claws you.
* * * LOW HITPOINT WARNING * * *
The emperor scorpion completely misses you.
You feel less invigorated.
You feel less confused. The emperor scorpion stings you!
You die...

#..# #..#
#..# ..
##..#
....#...#
..M.....##
...†....M#▓
...^....#s▓
.......##@▓
....... ##▓
.....!.
....###
####


You could see a royal mummy and an emperor scorpion (summoned).

Vanquished Creatures
  Antaeus (Coc:7)
  Asmodeus (Geh:7)
  the Royal Jelly (Slime:5)
  Dissolution (Slime:4)
  Ereshkigal (Tar:7)
  the Serpent of Hell (Geh:7)
  5 dread liches
  4 ancient liches
  Dispater (Dis:7)
  Mara (Spider:4)
  5 juggernauts
  Sojobo (Depths:4)
  29 royal mummies
  The ghost of Xucumn the Warrior, a veteran GrFi of the Shining One (Crypt:2)
  Boris (thrice) (Crypt:1 Depths:2 Depths:3)
  Frederick (Crypt:3)
  46 shard shrikes
  Saint Roka (Orc:2)
  5 caustic shrikes
  6 golden dragons
  Geryon (Hell)
  Jory (Crypt:3)
  the Enchantress (Depths:3)
  A pandemonium lord (Zig:18)
  30 bone dragons
  20 doom hounds
  Arachne (Spider:4)
  The ghost of Jihiargh the Severer, an adept HOFi of Qazlal (Vaults:3)
  70 Tzitzimimeh
  Jorgrun (Orc:1)
  13 iron giants
  32 Ice Fiends
  11 hellephants
  47 Brimstone Fiends
  7 tentacled monstrosities
  Asterion (Vaults:2)
  20 liches
  9 Hell Sentinels
  6 titans
  7 deep elf blademasters
  A kraken (Shoals:3)
  4 deep elf master archers
  4 quicksilver dragons
  The ghost of Bnni the Warrior, an adept DsGl of Dithmenos (Shoals:2)
  6 Executioners
  2 tentacled starspawn (Zig:13)
  29 acid blobs
  12 sphinxes
  26 ancient champions
  2 thorn hunters (Zig:20)
  13 shadow dragons
  6 draconian monks
  5 storm dragons
  7 tengu reavers
  5 revenants
  10 rockslimes
  2 fenstrider witches (Zig:20)
  A nagaraja (Zig:19)
  4 draconian scorchers
  13 fire giants
  12 deep elf sorcerers
  17 azure jellies
  11 draconian knights
  21 iron dragons
  13 balrugs
  4 ghost moths
  20 frost giants
  2 orc warlords
  A warmonger (Zig:18)
  17 vault wardens
  2 draconian shifters (Zig:15)
  5 deep elf elementalists (Elf:3)
  4 spriggan defenders (Depths:3)
  15 ghouls
  9 emperor scorpions
  2 cacodemons
  6 blood saints
  3 draconian stormcallers
  12 very ugly things
  22 ironbound preservers
  3 curse skulls
  11 quicksilver oozes
  5 draconian annihilators
  19 stone giants
  7 caustic shrike skeletons
  17 vampire knights
  111 reapers
  18 war gargoyles
  11 elemental wellsprings
  8 bennus (Tomb:1)
  5 black draconians
  5 purple draconians
  A spectral titan (Crypt:2)
  18 deep elf annihilators
  A corrupter (Zig:18)
  4 deep elf demonologists
  9 dire elephants
  A minotaur (shapeshifter) (Vaults:5)
  3 bunyips (Zig:20)
  7 green draconians
  4 yellow draconians
  8 lorocyprocas
  4 entropy weavers
  2 white draconians
  6 red draconians
  7 spark wasps
  9 deep elf death magi
  5 merfolk javelineers
  17 jiangshi
  29 blizzard demons
  An eleionoma (Depths:3)
  A crystal guardian (Vaults:3)
  20 mummy priests
  2 shambling mangroves (Zig:20)
  Josephine (Lair:4)
  3 eidola
  20 yaktaur captains
  10 deep elf high priests
  18 ettins
  16 green deaths
  5 merfolk impalers
  3 fire dragons
  6 kraken zombies
  17 quicksilver dragon zombies
  18 great orbs of eyes
  3 rakshasas
  35 vault guards
  5 ghost crabs
  42 ice dragons
  A spectral shadow dragon (Crypt:2)
  11 quicksilver dragon skeletons
  Fannar (Lair:2)
  2 hell beasts
  7 ironbound thunderhulks
  5 ogre magi
  2 peacekeepers
  21 hydras
  6 boulder beetles
  3 satyrs
  2 catoblepae
  7 ironbound frosthearts
  6 spriggan air magi
  2 alligators (Zig:20)
  6 merfolk avatars
  5 merfolk aquamancers
  22 centaur warriors
  A spectral frost giant (Crypt:2)
  3 death knights
  51 dancing weapons
  12 death scarabs
  11 two-headed ogres
  2 alligator snapping turtles (Shoals:4)
  4 deep troll shamans
  The ghost of Delamore the Basher, a journeyman GrFi of Okawaru (D:10)
  9 death yaks
  15 vampire magi
  10 spriggan berserkers
  56 hell hogs
  5 tengu warriors
  3 orc high priests
  4 ironbound beastmasters
  4 deep troll earth magi
  A spectral storm dragon (Crypt:2)
  14 titan zombies
  Nergalle (Orc:2)
  111 hell knights
  14 iron golems
  19 sun demons
  23 deep elf knights
  The ghost of Sergey the Cleaver, a novice DDFi of Okawaru (D:11)
  14 storm dragon zombies
  A spectral emperor scorpion (Spider:4)
  A fire crab (shapeshifter) (D:12)
  42 spriggans
  17 soul eaters
  11 iron trolls
  2 wretched stars (Zig:13)
  3 shadow wraiths
  330 skeletal warriors
  11 golden dragon zombies
  11 storm dragon skeletons
  6 death drakes
  3 salamander mystics (Zig:19)
  3 ghost moth zombies
  A goliath frog (shapeshifter) (Zig:8)
  46 deep trolls
  A spatial maelstrom (Zig:13)
  12 titan skeletons
  3 goliath frogs (Zig:20)
  12 shadow demons
  3 swamp dragons (Zig:20)
  10 sea snakes
  An infernal demonspawn (Zig:18)
  21 ironbound convokers
  23 anaconda zombies
  2 kraken simulacra
  11 spriggan druids
  17 deep elf archers
  18 flayed ghosts
  15 wolf spider zombies
  10 golden dragon skeletons
  34 phantasmal warriors
  12 shadow dragon zombies
  7 iron dragon zombies
  33 deep elf zephyrmancers
  A spectral hydra (Crypt:2)
  22 wizards
  A lindwurm (shapeshifter) (Vaults:5)
  6 glowing orange brains
  3 spectral wolf spiders (Spider:4)
  31 wolf spiders
  2 bog bodies
  An orb spider (shapeshifter) (D:15)
  37 ugly things
  20 anaconda skeletons
  5 lindwurms
  10 orc sorcerers
  23 shadow dragon skeletons
  40 deep elf pyromancers
  9 harpies
  32 necromancers
  16 fire giant zombies
  6 orc knights
  12 orb spiders
  20 stone giant zombies
  4 moths of wrath
  An oklob plant (Orc:2)
  A salamander (shapeshifter) (Elf:1)
  7 cyclopes
  A faun (shapeshifter) (D:12)
  4 will-o-the-wisps (Zig:20)
  9 manticores
  3 shining eyes
  8 fauns
  116 slime creatures
  A spectral ettin (Crypt:2)
  15 frost giant zombies
  4 shock serpent zombies
  A goliath frog skeleton (Crypt:3)
  11 frost giant skeletons
  16 stone giant skeletons
  5 centaur zombies
  10 elephants
  9 iron dragon skeletons
  An eye of devastation (shapeshifter) (Zig:8)
  18 fire giant skeletons
  8 merfolk sirens
  2 spriggan zombies
  8 black mambas
  3 guardian serpents (shapeshifter)
  2 naga magi (Zig:19)
  17 smoke demons
  14 molten gargoyles
  21 vault sentinels
  16 dire elephant zombies
  2 ice statues (IceCv)
  6 titan simulacra
  80 rust devils
  2 eyes of devastation
  4 water nymphs
  2 spriggan skeletons
  A green draconian zombie (Crypt:1)
  Maggie (Lair:1)
  19 cane toads
  2 storm dragon simulacra
  4 gargoyles (D:12)
  8 shock serpent skeletons
  A catoblepas zombie (Coc:6)
  54 hellions
  4 torpor snails
  4 kobold demonologists
  A cane toad (shapeshifter) (Depths:3)
  10 dire elephant skeletons
  6 emperor scorpion zombies
  3 spectral redbacks (Spider:4)
  A black draconian zombie (Crypt:3)
  40 yaktaurs
  4 anaconda simulacra
  17 rime drakes
  3 tengu conjurers
  9 efreet
  2 minotaur zombies
  2 unseen horrors
  3 redback zombies
  28 guardian mummies
  72 freezing wraiths
  72 tormentors
  13 demonic crawlers
  62 ice devils
  19 komodo dragons
  5 catoblepas skeletons
  A yaktaur (shapeshifter) (Zig:17)
  26 merfolk
  7 silent spectres
  9 harpy zombies
  2 jumping spiders (shapeshifter)
  12 trolls
  A black draconian skeleton (Crypt:3)
  11 large abominations
  47 red devils
  24 jumping spiders
  3 ancient zymes (Zig:13)
  7 wind drakes
  2 golden dragon simulacra
  31 hydra zombies
  9 polar bears
  29 hornets
  5 spectral tarantellas (Spider:4)
  A tarantella zombie (Spider:4)
  2 spectral guardian serpents (Crypt:3)
  2 wolf spider simulacra (D:15)
  28 alligator zombies
  5 harpy skeletons
  A blink frog (shapeshifter) (Depths:3)
  3 spectral jumping spiders (Spider:4)
  2 tengu simulacra
  A raiju (Zig:13)
  20 blink frogs
  19 hydra skeletons
  3 jumping spider zombies (Spider:4)
  13 ice dragon zombies
  3 stone giant simulacra
  Grinder (D:3)
  11 fire dragon zombies
  14 ettin zombies
  2 frost giant simulacra
  2 iron dragon simulacra
  5 dream sheep
  11 snapping turtles
  18 fire dragon skeletons
  A meliai zombie (D:11)
  9 air elementals
  14 ice dragon skeletons
  A shock serpent simulacrum (Hell)
  3 elf simulacra
  2 spriggans (shapeshifter)
  2 ynoxinuls (Zig:18)
  17 ettin skeletons
  A centaur simulacrum (D:12)
  8 ushabtiu
  9 wyverns
  8 alligator skeletons
  255 flying skulls
  3 vampires
  59 redbacks
  2 black mamba zombies
  2 fire giant simulacra
  83 shadows
  65 wraiths
  7 fire bats
  9 basilisks
  2 dire elephant simulacra (Crypt:2)
  43 tarantellas
  63 yaks
  45 fire elementals
  39 water elementals
  14 golden eyes
  Grum (Lair:1)
  A wind drake zombie (Crypt:1)
  3 neqoxecs (Zig:13)
  3 black mamba skeletons
  13 vampire mosquitoes
  A sea snake simulacrum (Hell)
  2 steam dragons
  3 wargs
  A redback simulacrum (D:15)
  A spectral elf (Crypt:2)
  2 chaos spawn
  A spatial vortex (Zig:13)
  4 acid dragons
  2 merfolk zombies
  An infernal demonspawn zombie (Crypt:3)
  A monstrous demonspawn zombie (Crypt:3)
  A small abomination (Zig:13)
  121 hell hounds
  22 water moccasins
  2 swamp worms (D:7)
  7 hydra simulacra
  18 cane toad zombies
  Duvessa (D:7)
  A spectral spriggan (Crypt:2)
  35 ice beasts
  38 orc warriors
  A spectral hornet (Spider:4)
  4 merfolk skeletons
  An ice dragon simulacrum (Coc:5)
  3 black bears
  A torturous demonspawn skeleton (Crypt:3)
  A sky beast (D:6)
  An elephant zombie (Crypt:2)
  8 cane toad skeletons
  12 snapping turtle zombies
  2 ettin simulacra
  A boggart (shapeshifter) (D:13)
  A hornet zombie (Spider:4)
  3 swamp dragon zombies
  3 alligator simulacra
  A dream sheep zombie (Crypt:2)
  10 ogres
  20 wolves
  13 centaurs
  55 necrophages
  4 boggarts (Vaults:1)
  3 manticore skeletons
  2 swamp dragon skeletons
  20 phantoms
  3 lemures (D:5)
  An elf zombie (Geh:2)
  6 kobold brigands
  10 snapping turtle skeletons
  4 earth elementals
  14 bullfrogs
  2 gnoll sergeants (D:10)
  2 elf skeletons
  6 human skeletons
  2 scorpions
  Dowan (D:7)
  3 cane toad simulacra
  2 troll zombies
  A water moccasin zombie (D:5)
  193 wights
  A swamp dragon simulacrum (Coc:1)
  5 killer bees (D:9)
  8 howler monkeys
  2 jellies
  4 electric eels
  A wolf skeleton (Crypt:1)
  3 crimson imps
  2 human zombies
  A bullfrog zombie (D:6)
  2 hounds
  15 orc priests
  3 centaur skeletons
  A gnoll shaman (D:5)
  50 iron imps
  2 bullfrog skeletons
  Natasha (thrice) (D:2)
  6 hell rats
  An iguana (D:7)
  22 orc wizards
  2 killer bee zombies
  2 naga zombies
  An ogre zombie (Dis:2)
  A tengu zombie (Dis:1)
  A deep dwarf skeleton (Crypt:2)
  A tengu skeleton (Hell)
  A naga skeleton (Tar:5)
  4 ogre skeletons
  A hound skeleton (Crypt:2)
  61 mummies
  Robin (D:3)
  5 adders
  14 gnolls
  A howler monkey skeleton (D:4)
  A naga simulacrum (Tar:3)
  27 shadow imps
  23 white imps
  2 ufetubi
  2 adder skeletons (D:4)
  2 worms
  A barachi skeleton (Crypt:3)
  4 dart slugs
  52 orcs
  14 bats
  10 endoplasms
  4 giant cockroaches
  14 goblins
  5 hobgoblins
  15 kobolds
  7 quokkas
  11 ball pythons
  17 frilled lizards
  A hobgoblin skeleton (Crypt:3)
  A hobgoblin zombie (Crypt:1)
  3 kobold skeletons
  2 kobold zombies
  3 orc skeletons
  3 orc zombies
  5 rats
  A rat zombie (Crypt:1)
  11 briar patches (Zig:20)
  A foxfire (Zig:20)
  2 plants (Depths:4)
  11 tentacles
6105 creatures vanquished.

Vanquished Creatures (others)
  A merfolk aquamancer (Shoals:3)
  An anaconda skeleton (Geh:7)
  A flying skull (Coc:7)
  An ice dragon skeleton (Geh:3)
  An orc wizard (Orc:2)
  An orc (Vaults:5)
  3 bushes (Depths:3)
  5 foxfires (Zig:20)
  44 fungi
  132 plants
  2 starspawn tentacles (Zig:13)
  55 tentacles
247 creatures vanquished.

Grand Total: 6352 creatures vanquished

Notes
Turn   | Place    | Note
-------+----------+-------------------------------------------
     0 | D:1      | Essalna the Gargoyle Earth Elementalist began the quest for
                  | the Orb.
     0 | D:1      | Reached XP level 1. HP: 10/10 MP: 3/3
    69 | D:1      | Found Noumal's Book Emporium.
   109 | D:1      | Found Pucarrit's General Store.
   263 | D:1      | Found Xikkum's General Store.
   293 | D:1      | Found a faded altar of an unknown god.
   300 | D:1      | Reached XP level 2. HP: 15/15 MP: 3/5
   501 | D:1      | Found Tineqia's Jewellery Boutique.
   659 | D:1      | Reached XP level 3. HP: 16/19 MP: 4/7
   663 | D:1      | Learned a level 3 spell: Stone Arrow
  1460 | D:2      | Reached skill level 1 in Conjurations
  1584 | D:2      | Noticed Natasha
  1586 | D:2      | Killed Natasha
  1587 | D:2      | Reached XP level 4. HP: 20/24 MP: 8/8
  1641 | D:2      | Identified the Disquisition on the Voyage and Curses
  1849 | D:2      | Noticed Natasha
  1854 | D:2      | Killed Natasha
  1855 | D:2      | Reached skill level 5 in Earth Magic
  1855 | D:2      | Reached XP level 5. HP: 27/28 MP: 9/9
  1880 | D:2      | Noticed Natasha
  1882 | D:2      | Killed Natasha
  2926 | D:3      | Noticed Robin
  2970 | D:3      | Killed Robin
  3652 | D:3      | Noticed Grinder
  3652 | D:3      | Paralysed by Grinder for 3 turns
  3684 | D:3      | Reached XP level 6. HP: 23/32 MP: 11/11
  3715 | D:3      | Paralysed by Grinder for 4 turns
  3967 | D:4      | Found a transporter.
  4082 | D:4      | Learned a level 4 spell: Petrify
  4140 | D:4      | Learned a level 5 spell: Lee's Rapid Deconstruction
  4412 | D:4      | Noticed a black bear
  4422 | D:4      | Killed a black bear
  4423 | D:4      | Reached XP level 7. HP: 28/36 MP: 0/13
  4762 | D:4      | Noticed anet's ghost (amateur GnDe)
  4763 | D:4      | Found a transporter.
  4780 | D:4      | Found a transporter.
  4810 | D:4      | Identified the +4 ring mail of Husih {Str+6}
  4999 | D:4      | Found a transporter.
  5475 | D:3      | Killed Grinder
  5547 | D:5      | Entered Level 5 of the Dungeon
  5550 | D:5      | Reached skill level 5 in Spellcasting
  5553 | D:5      | Reached XP level 8. HP: 41/41 MP: 11/15
  5610 | D:5      | Reached skill level 5 in Conjurations
  5616 | D:5      | Found a glowing drain.
  5627 | Sewer    | Entered a sewer
  5852 | D:5      | Noticed Pikel
  6117 | D:5      | Found a staircase to the Ecumenical Temple.
  6126 | Temple   | Entered the Ecumenical Temple
  6283 | Temple   | Became a worshipper of Vehumet
  6612 | D:5      | Found a snail-covered altar of Cheibriados.
  7400 | D:6      | Reached skill level 1 in Transmutations
  7400 | D:6      | Reached XP level 9. HP: 45/45 MP: 13/18
  8365 | D:7      | Noticed Duvessa
  8365 | D:7      | Noticed Dowan
  8369 | D:7      | Killed Duvessa
  8369 | D:7      | Reached * piety under Vehumet
  8369 | D:7      | Offered knowledge of Freeze by Vehumet.
  8372 | D:7      | Killed Dowan
  9212 | D:7      | Found Bioschef's Antique Weapon Shoppe.
  9268 | D:7      | Reached skill level 10 in Earth Magic
  9540 | D:7      | Offered knowledge of Poisonous Vapours by Vehumet.
  9738 | D:8      | Reached ** piety under Vehumet
  9740 | D:8      | Reached XP level 10. HP: 40/50 MP: 17/21
 10197 | D:8      | Found a staircase to the Lair.
 10219 | D:8      | Reached skill level 5 in Transmutations
 10970 | Lair:1   | Entered Level 1 of the Lair of Beasts
 11059 | Lair:1   | Noticed a cane toad
 11088 | Lair:1   | Killed a cane toad
 11154 | Lair:1   | Noticed a torpor snail
 11263 | Lair:1   | Noticed a cane toad
 11266 | Lair:1   | Killed a cane toad
 11269 | Lair:1   | Reached XP level 11. HP: 54/54 MP: 20/24
 11339 | Lair:1   | Offered knowledge of Frozen Ramparts by Vehumet.
 11530 | Lair:1   | Noticed Maggie
 11544 | Lair:1   | Killed Maggie
 11633 | Lair:1   | Noticed Grum
 11638 | Lair:1   | Killed Grum
 12295 | Lair:1   | Reached *** piety under Vehumet
 12944 | Lair:2   | Noticed Fannar
 12951 | Lair:2   | Killed Fannar
 12952 | Lair:2   | Reached skill level 10 in Spellcasting
 13349 | Lair:2   | Noticed an oklob plant
 13350 | Lair:2   | Noticed an oklob plant
 13461 | Lair:2   | Noticed a seven-headed hydra
 13484 | Lair:2   | Killed a seven-headed hydra
 13874 | Lair:2   | Found a staircase to the Shoals.
 14225 | Lair:3   | Reached XP level 12. HP: 59/59 MP: 26/26
 14408 | Lair:3   | Offered knowledge of Ignite Poison by Vehumet.
 14750 | Lair:3   | Reached skill level 1 in Fighting
 14750 | Lair:3   | Reached skill level 1 in Armour
 14899 | Lair:3   | Reached **** piety under Vehumet
 15661 | Lair:4   | Noticed a five-headed hydra
 15668 | Lair:4   | Killed a five-headed hydra
 15847 | Lair:4   | Found a hole to the Spider Nest.
 16096 | Lair:4   | Offered knowledge of Bolt of Magma by Vehumet.
 16103 | Lair:4   | Learned a level 5 spell: Bolt of Magma
 16241 | Lair:4   | Reached XP level 13. HP: 64/70 MP: 4/28
 16377 | Lair:4   | Noticed Josephine
 16386 | Lair:4   | Killed Josephine
 17343 | Lair:5   | Found a one-way gate to the infinite horrors of the Abyss.
 17410 | Lair:5   | Reached skill level 5 in Fighting
 17422 | Lair:5   | Reached skill level 5 in Armour
 18347 | Lair:5   | Found a transporter.
 18354 | Lair:5   | Found a transporter.
 18516 | Lair:5   | Noticed wpisznazwe's ghost (journeyman GnWn)
 18748 | Lair:6   | Entered Level 6 of the Lair of Beasts
 18894 | Lair:6   | Found a staircase to the Slime Pits.
 19009 | Lair:6   | Reached skill level 5 in Dodging
 19438 | Lair:6   | Reached skill level 15 in Earth Magic
 19720 | Lair:6   | Reached ***** piety under Vehumet
 19734 | Lair:6   | Gained mutation: Your large and strong wings let you fly.
                  | [Gargoyle growth]
 19734 | Lair:6   | Reached XP level 14. HP: 67/82 MP: 5/30
 19734 | Lair:6   | Offered knowledge of Freezing Cloud by Vehumet.
 19928 | Lair:6   | Identified the +7 hand crossbow of Anxiety {penet, Contam
                  | rElec Will+++ Int+3}
 20468 | Lair:6   | Identified the +1 pair of gloves of Beodyine {Int+4 SInv}
 21528 | D:9      | Found Voraiw's General Store.
 21763 | D:10     | Entered Level 10 of the Dungeon
 21981 | D:10     | Found a runed translucent gate.
 21982 | D:10     | Found a runed translucent gate.
 21982 | D:10     | Found a runed translucent gate.
 21984 | D:10     | Noticed Delamore's ghost (journeyman GrFi)
 22444 | D:10     | Found a staircase to the Orcish Mines.
 22733 | D:11     | Found a large runed translucent door.
 22736 | D:11     | Found a large runed translucent door.
 22736 | D:11     | Noticed Sergey's ghost (novice DDFi)
 23042 | D:10     | Killed Delamore's ghost
 23081 | Orc:1    | Entered Level 1 of the Orcish Mines
 23405 | Orc:1    | Found a shimmering blue altar of Sif Muna.
 23615 | Orc:2    | Entered Level 2 of the Orcish Mines
 23632 | Orc:2    | Offered knowledge of Iron Shot by Vehumet.
 23640 | Orc:2    | Learned a level 6 spell: Iron Shot
 23661 | Orc:2    | Noticed Nergalle
 23676 | Orc:2    | Killed Nergalle
 24013 | Orc:2    | Paralysed by an orc sorcerer for 4 turns
 24152 | Orc:2    | Noticed Saint Roka
 24383 | Orc:2    | Killed Saint Roka
 24578 | Orc:2    | Found Cuozimin's Jewellery Shop.
 24702 | Orc:2    | Found Haidet's Antique Armour Shop.
 24704 | Orc:2    | Found Inid's General Store.
 24710 | Orc:2    | Found Fere's Antique Weapon Shop.
 24809 | Orc:2    | Bought the +8 falchion "Woschuisu" {vorpal, Str+4 Int+5
                  | Stlth+} for 951 gold pieces
 24839 | Orc:2    | Bought a buckler for 130 gold pieces
 24930 | Orc:2    | Found a staircase to the Elven Halls.
 24953 | Orc:2    | Reached XP level 15. HP: 72/90 MP: 22/31
 25473 | Orc:1    | Noticed Jorgrun
 25601 | Orc:1    | Reached skill level 1 in Shields
 25616 | Orc:1    | Killed Jorgrun
 26677 | D:11     | Killed Sergey's ghost
 26980 | D:12     | Offered knowledge of Yara's Violent Unravelling by Vehumet.
 27054 | D:12     | Reached skill level 10 in Fighting
 28270 | D:12     | Found a runed translucent door.
 28273 | D:12     | Found a runed translucent door.
 28276 | D:12     | Found a runed translucent door.
 28697 | D:13     | Found a frozen archway.
 28707 | IceCv    | Entered an ice cave
 28790 | IceCv    | Offered knowledge of Irradiate by Vehumet.
 28884 | IceCv    | Reached XP level 16. HP: 99/99 MP: 15/33
 29165 | IceCv    | Identified the ring of Crawling {rCorr Str+2}
 29737 | D:13     | Found a hide-covered altar of Uskayaw.
 29817 | D:13     | Identified the +3 buckler of the Bulwark {rPois rC+ rN+
                  | Int-4}
 30967 | D:14     | Found a gate to the Vaults.
 31324 | D:14     | Found a glowing golden altar of the Shining One.
 31576 | D:15     | Entered Level 15 of the Dungeon
 32343 | D:15     | Found a transporter.
 32344 | D:15     | Noticed Bankemomn's ghost (journeyman NaIE)
 32358 | D:15     | Found a transporter.
 33097 | D:15     | Found a staircase to the Depths.
 33583 | Shoals:1 | Entered Level 1 of the Shoals
 33887 | Shoals:1 | Offered knowledge of Lightning Bolt by Vehumet.
 34132 | Shoals:1 | Found Cehas's Jewellery Boutique.
 34780 | Shoals:2 | Found a runed translucent gate.
 34780 | Shoals:2 | Found a runed translucent gate.
 34780 | Shoals:2 | Found a runed translucent gate.
 34783 | Shoals:2 | Noticed Bnni's ghost (adept DsGl)
 34792 | Shoals:2 | Killed Bnni's ghost
 35864 | Shoals:2 | Reached XP level 17. HP: 89/106 MP: 35/35
 36579 | Shoals:2 | Reached skill level 10 in Dodging
 38467 | Shoals:3 | Found a stormy altar of Qazlal.
 38472 | Shoals:3 | Noticed a kraken
 38546 | Shoals:3 | Killed a kraken
 38822 | Shoals:4 | Entered Level 4 of the Shoals
 39809 | Shoals:4 | Learned a level 7 spell: Ozocubu's Refrigeration
 40043 | Shoals:4 | Reached skill level 1 in Ice Magic
 40568 | Shoals:4 | Got a barnacled rune of Zot
 40706 | Shoals:4 | Identified the Handbook of Freezing Calling
 41057 | Spider:1 | Entered Level 1 of the Spider Nest
 41106 | Spider:1 | Reached skill level 15 in Spellcasting
 41442 | Spider:1 | Offered knowledge of Orb of Destruction by Vehumet.
 41443 | Spider:1 | Reached XP level 18. HP: 115/115 MP: 37/37
 43159 | Spider:2 | Reached skill level 5 in Ice Magic
 43446 | Spider:2 | Identified the +7 war axe "Qicaer" {freeze, rPois}
 43521 | Spider:2 | Identified the +2 ring mail of Ritiypremakh {rElec rPois
                  | rF+}
 43824 | Spider:3 | Offered knowledge of Eringya's Noxious Bog by Vehumet.
 45579 | Spider:4 | Entered Level 4 of the Spider Nest
 45696 | Spider:4 | Noticed Arachne
 45874 | Spider:4 | Killed Arachne
 46444 | Spider:4 | Noticed Mara
 46453 | Spider:4 | Killed Mara
 46620 | Spider:4 | Reached XP level 19. HP: 123/123 MP: 38/38
 46626 | Spider:4 | Reached skill level 15 in Fighting
 46808 | Spider:4 | Reached ****** piety under Vehumet
 47709 | Spider:4 | Identified the +2 robe "Xoixoell" {Will++ Str-4 Dex-4 SInv}
 48253 | Spider:4 | Offered knowledge of Lehudib's Crystal Spear by Vehumet.
 48253 | Spider:4 | Offered knowledge of Shatter by Vehumet.
 48253 | Spider:4 | Offered knowledge of Polar Vortex by Vehumet.
 48267 | Spider:4 | Learned a level 9 spell: Shatter
 48760 | Spider:4 | Got a gossamer rune of Zot
 49082 | Elf:1    | Entered Level 1 of the Elven Halls
 50326 | Elf:1    | Paralysed by an air elemental for 1 turns
 51518 | Elf:1    | Reached skill level 10 in Ice Magic
 51921 | Elf:2    | Found Ytwol's Weapon Shoppe.
 52319 | Elf:2    | Found a huge runed translucent gate.
 52319 | Elf:2    | Found a huge runed translucent gate.
 52319 | Elf:2    | Found a huge runed translucent gate.
 52319 | Elf:2    | Found a huge runed translucent gate.
 52319 | Elf:2    | Found a huge runed translucent gate.
 52749 | Elf:2    | Paralysed by an air elemental for 1 turns
 52751 | Elf:2    | Reached XP level 20. HP: 110/132 MP: 40/40
 52780 | Elf:2    | Paralysed by an air elemental for 1 turns
 54012 | Elf:3    | Entered Level 3 of the Elven Halls
 55853 | Elf:3    | Identified the +3 ring mail of Perpetual Drought {rCorr}
 55853 | Elf:3    | Identified the amulet "Xyxixyu" {Spirit Regen+ Str+7 Dex-3
                  | Stlth+}
 56005 | Elf:3    | Reached XP level 21. HP: 102/140 MP: 42/42
 56412 | Elf:3    | Found the -2 hat of the Alchemist {rElec rPois rF+ rC+ rN+
                  | Will+ rMut rCorr}
 56462 | Elf:3    | Identified the +4 whip "Askasm" {vorpal, Str+3 Dex+5}
 57395 | Vaults:1 | Entered Level 1 of the Vaults
 60047 | Vaults:1 | Found Loku's Antique Weapon Boutique.
 60524 | Vaults:2 | Reached XP level 22. HP: 148/148 MP: 23/44
 61762 | Vaults:2 | Found a staircase to the Crypt.
 62527 | Vaults:2 | Noticed Asterion
 62531 | Vaults:2 | Killed Asterion
 64144 | Vaults:3 | Noticed an ancient lich
 64153 | Vaults:3 | Killed an ancient lich
 64370 | Vaults:3 | Found Fisam's Antique Armour Emporium.
 64378 | Vaults:3 | Bought a steaming kite shield for 247 gold pieces
 64378 | Vaults:3 | Identified the +4 kite shield "Yboj" {Harm} (You bought it
                  | in a shop on level 3 of the Vaults)
 64384 | Vaults:3 | Found a runed translucent door.
 64385 | Vaults:3 | Found a shimmering altar of Xom.
 64385 | Vaults:3 | Noticed Qeoru's ghost (veteran GrFi)
 65993 | Vaults:4 | Reached XP level 23. HP: 143/155 MP: 45/45
 66840 | Vaults:4 | Found a large runed translucent door.
 66840 | Vaults:4 | Found a large runed translucent door.
 66840 | Vaults:4 | Found a large runed translucent door.
 66840 | Vaults:4 | Found a large runed translucent door.
 66840 | Vaults:4 | Found a large runed translucent door.
 66840 | Vaults:4 | Found a large runed translucent door.
 66840 | Vaults:4 | Found a large runed translucent door.
 66840 | Vaults:4 | Found a large runed translucent door.
 66840 | Vaults:4 | Noticed Jihiargh's ghost (adept HOFi)
 66905 | Vaults:3 | Killed Jihiargh's ghost
 67403 | Vaults:5 | Entered Level 5 of the Vaults
 67406 | Vaults:5 | Noticed an ancient lich
 67408 | Vaults:5 | Killed an ancient lich
 67409 | Vaults:5 | Reached skill level 15 in Ice Magic
 67413 | Vaults:5 | Noticed a dread lich
 67421 | Vaults:5 | Killed a dread lich
 67432 | Vaults:5 | Reached XP level 24. HP: 106/163 MP: 46/46
 67607 | Vaults:5 | Noticed a dread lich
 67704 | Vaults:5 | Killed a dread lich
 68855 | Vaults:5 | Identified the +5 rapier "Umyeppuh" {pain, rPois Str+4
                  | Int+2}
 68929 | Vaults:5 | Found Quuheet's Weapon Shoppe.
 69399 | Vaults:5 | Found Kaiwk's Armour Shoppe.
 69580 | Vaults:5 | Got a silver rune of Zot
 70278 | Slime:1  | Entered Level 1 of the Pits of Slime
 71243 | Slime:1  | Learned a level 9 spell: Polar Vortex
 71273 | Slime:2  | Found a viscous altar of Jiyva.
 71483 | Slime:3  | Reached XP level 25. HP: 170/170 MP: 29/47
 72273 | Slime:4  | Noticed Dissolution
 72281 | Slime:4  | Killed Dissolution
 72601 | Slime:4  | Found a viscous altar of Jiyva.
 72807 | Slime:5  | Entered Level 5 of the Pits of Slime
 73157 | Slime:5  | Noticed the Royal Jelly
 73164 | Slime:5  | Killed the Royal Jelly
 73499 | Slime:5  | Found the +9 heavy crossbow "Sniper" {vorpal, Acc+∞ SInv}
 73500 | Slime:5  | Found the +2 hat of the Bear Spirit {Spirit, +Rage rN+
                  | Will++}
 73570 | Slime:5  | Identified the +5 spear "Nacyciru" {drain, rElec rN+}
 73669 | Slime:5  | Identified the amulet of Altruism {Spirit rF+++ Dex-3
                  | Stlth+}
 73679 | Slime:5  | Got a slimy rune of Zot
 73779 | Slime:5  | Identified the +9 plate armour "Toteyly" {*Corrode rPois
                  | rC++ SInv}
 74412 | Crypt:1  | Entered Level 1 of the Crypt
 75095 | Crypt:1  | You are sucked into a shaft and drop 1 floor!
 75103 | Crypt:2  | Reached XP level 26. HP: 141/179 MP: 43/47
 75688 | Crypt:1  | Found an ancient bone altar of Kikubaaqudgha.
 76642 | Crypt:1  | Noticed Boris
 76651 | Crypt:1  | Killed Boris
 77001 | Crypt:2  | Found a runed translucent gate.
 77001 | Crypt:2  | Found a runed translucent gate.
 77001 | Crypt:2  | Found a runed translucent gate.
 77001 | Crypt:2  | Noticed Xucumn's ghost (veteran GrFi)
 77343 | Crypt:2  | Killed Xucumn's ghost
 77598 | Crypt:3  | Entered Level 3 of the Crypt
 77795 | Crypt:3  | Noticed Frederick
 77797 | Crypt:3  | Killed Frederick
 78592 | Crypt:3  | Found a basalt altar of Yredelemnul.
 78628 | Crypt:3  | Noticed a dread lich
 78634 | Crypt:3  | Killed a dread lich
 78635 | Crypt:3  | Reached XP level 27. HP: 186/186 MP: 11/48
 78638 | Crypt:3  | Noticed Jory
 78808 | Crypt:3  | Killed Jory
 78942 | Crypt:3  | Found a staircase to the Tomb.
 79042 | Crypt:3  | Identified the +7 shortbow "Pohem" {flame, Dex+5}
 79054 | Crypt:3  | Identified the +3 spear of Gakhlaatipp {speed, rN+ Str+4
                  | Dex+5}
 79237 | Crypt:3  | Identified the +7 rapier "Toaqus" {vorpal, Dex+2}
 79769 | Crypt:3  | Found the +0 staff of Battle
 79775 | Crypt:3  | Identified the +7 falchion "Poikkiko" {holy, Str+7 Int+3}
 80122 | Depths:1 | Entered Level 1 of the Depths
 80122 | Depths:1 | Found a gateway to Hell.
 80381 | Depths:1 | Reached skill level 5 in Shields
 80481 | Depths:1 | Found a glowing silver altar of Zin.
 80521 | Depths:1 | Identified the Guide on the Torrid Mountains
 80591 | Depths:1 | Found Zin's Purification Station.
 80632 | Depths:1 | Found Fuuf's Jewellery Shop.
 80634 | Depths:1 | Found Lyilull's Book Shoppe.
 80636 | Depths:1 | Found Pacy Qie's Jewellery Shop.
 80690 | Depths:1 | Found a gateway to a ziggurat.
 80706 | Zig:1    | Entered Level 1 of a ziggurat
 80731 | Zig:1    | Identified the +6 rapier "Xifoidgh" {pain, rC++ Int-2 SInv}
 80734 | Zig:2    | Entered Level 2 of a ziggurat
 80761 | Zig:3    | Entered Level 3 of a ziggurat
 80787 | Zig:4    | Entered Level 4 of a ziggurat
 80817 | Zig:4    | Identified the Volume of the Mountains
 80826 | Zig:5    | Entered Level 5 of a ziggurat
 80831 | Zig:5    | Found the +13 scythe of Curses {drain, Drain}
 80904 | Zig:5    | Identified the ring "Riusocy" {rC+ MP+9 Str+4}
 80919 | Zig:6    | Entered Level 6 of a ziggurat
 80923 | Zig:6    | Identified 2 scrolls of acquirement
 80955 | Zig:6    | Acquired 937 gold pieces
 80956 | Zig:6    | Acquired 1309 gold pieces
 80969 | Zig:7    | Entered Level 7 of a ziggurat
 81022 | Zig:7    | Identified the +2 leather armour of the Ageless Lovers
                  | {Int+3}
 81024 | Zig:7    | Identified the ring of Uvanig {Wiz Int+6}
 81219 | Zig:8    | Entered Level 8 of a ziggurat
 81227 | Zig:8    | Noticed an ancient lich
 81228 | Zig:8    | Noticed a dread lich
 81233 | Zig:8    | Killed an ancient lich
 81233 | Zig:8    | Killed a dread lich
 81239 | Zig:8    | Identified the +1 storm dragon scales of Wu Jian's Approval
                  | {rElec rC++ Will- Int+3 Slay+2}
 81249 | Zig:8    | Identified the ring "Micuaq" {EV+4 Str+7 Dex-4}
 81261 | Zig:9    | Entered Level 9 of a ziggurat
 81270 | Zig:9    | Noticed a juggernaut
 81275 | Zig:9    | Killed a juggernaut
 81333 | Zig:9    | Acquired the +2 kite shield "Kohiut" {Rampage Int+4}
 81338 | Zig:10   | Entered Level 10 of a ziggurat
 81344 | Zig:10   | Noticed a royal mummy
 81345 | Zig:10   | Noticed a royal mummy
 81345 | Zig:10   | Noticed a royal mummy
 81347 | Zig:10   | Noticed a royal mummy
 81350 | Zig:10   | Killed a royal mummy
 81351 | Zig:10   | Killed a royal mummy
 81351 | Zig:10   | Killed a royal mummy
 81352 | Zig:10   | Reached skill level 10 in Shields
 81352 | Zig:10   | Killed a royal mummy
 81558 | Zig:10   | Identified the Compendium of the Snowflakes
 81566 | Zig:10   | Identified the +9 chain mail of Decaying Liberty {Int+2
                  | Dex+6}
 81576 | Zig:11   | Entered Level 11 of a ziggurat
 81590 | Zig:11   | Found the +3 giant club "Skullcrusher" {speed, Str+7}
 81610 | Zig:11   | Identified the +7 fustibalus of Conscience {freeze, rPois
                  | rF- rC+ rCorr}
 81616 | Zig:11   | Identified the +3 trident "Bapof" {vorpal, +Rage rElec
                  | rCorr Str+4}
 81617 | Zig:11   | Identified the +6 spear "Jelly's Undoing" {speed, Int+4}
 81620 | Zig:11   | Identified the Catalogue of Heat
 81636 | Zig:12   | Entered Level 12 of a ziggurat
 81758 | Zig:12   | Identified the Catalogue of Noxious Calling
 81761 | Zig:12   | Identified the ring "Fozogax" {Wiz rPois}
 81770 | Zig:13   | Entered Level 13 of a ziggurat
 81803 | Zig:13   | Upgraded the game from 0.27-a0-1277-g3808f8b1c9 to
                  | 0.27-a0-1280-g9d2d252d84
 81818 | Zig:13   | Identified the +6 lajatang of Rerph {drain, rElec rPois
                  | Str-2 Dex+3}
 81822 | Zig:13   | Identified Vehumet's Tome of Battle Magic
 81868 | Zig:14   | Entered Level 14 of a ziggurat
 82029 | Zig:14   | Identified the +1 helmet of Blue Awe {Int+7}
 82030 | Zig:14   | Identified the +10 shortbow of Trog's Inspiration {vorpal,
                  | rC- Will++ Dex+4}
 82052 | Zig:14   | Identified the ring "Tukkios" {Fly rPois rCorr Slay+3}
 82072 | Zig:15   | Entered Level 15 of a ziggurat
 82095 | Zig:15   | Found the +8 frozen axe "Frostbite" {freezing cloud, *Noise
                  | Fly rC+}
 82236 | Zig:15   | Identified the +1 leather armour of the Lobster {rN+}
 82255 | Zig:15   | Identified the +7 hand crossbow "Grim" {venom, rElec Will+}
 82259 | Zig:15   | Identified the +0 scale mail of Ogadask {Rampage rPois
                  | Will+ Dex+3}
 82264 | Zig:16   | Entered Level 16 of a ziggurat
 82298 | Zig:16   | Noticed a juggernaut
 82300 | Zig:16   | Noticed a juggernaut
 82300 | Zig:16   | Noticed a juggernaut
 82301 | Zig:16   | Killed a juggernaut
 82303 | Zig:16   | Killed a juggernaut
 82303 | Zig:16   | Noticed a juggernaut
 82304 | Zig:16   | Killed a juggernaut
 82306 | Zig:16   | Killed a juggernaut
 82342 | Zig:16   | Identified the Handbook of Shape Shifting
 82347 | Zig:16   | Identified the +6 flail "Mangour" {venom, rF+ Int+2}
 82349 | Zig:16   | Identified the Volume of the Mountains and the Oath
 82387 | Zig:17   | Entered Level 17 of a ziggurat
 82446 | Zig:17   | Identified the +4 ring mail "Ocasom" {Rampage rF- rN+}
 82507 | Zig:18   | Entered Level 18 of a ziggurat
 82533 | Zig:18   | Reached skill level 15 in Shields
 82534 | Zig:18   | Noticed Jogue the pandemonium lord
 82567 | Zig:18   | Killed Jogue the pandemonium lord
 82807 | Zig:18   | Identified the ring of the Sixty-Six Xeniums {Will+ Str+4
                  | Int+3}
 82813 | Zig:18   | Identified the +1 helmet of Hangman {rN+ Int+4}
 82819 | Zig:18   | Identified the +6 falchion of the Shark {flame, rN+}
 82851 | Zig:19   | Entered Level 19 of a ziggurat
 82865 | Zig:19   | Noticed an ancient lich
 82866 | Zig:19   | Killed an ancient lich
 82919 | Zig:19   | Identified the Disquisition on Entrancing Changing
 82940 | Zig:19   | Identified the +3 scythe "Impuawka" {flame, *Slow Will+
                  | Int+3}
 82945 | Zig:20   | Entered Level 20 of a ziggurat
 82965 | Zig:20   | Reached skill level 1 in Translocations
 83011 | Zig:20   | Found the +9 staff of Wucad Mu {*channel}
 83012 | Zig:20   | Found the amulet of the Four Winds {rN+ Will+++ Clar}
 83022 | Zig:20   | Identified the +3 rapier of Onyilets {holy, Str+4 Dex+5}
 83023 | Zig:20   | Identified the +1 scale mail "Litumyem" {SInv}
 83059 | Zig:20   | Identified the +5 arbalest of Due Proportion {elec, rCorr}
 83072 | Zig:20   | Identified the +5 flail of the Shouting King {elec, *Rage
                  | rElec rF++ Will+}
 83593 | Depths:2 | Reached skill level 10 in Conjurations
 83594 | Depths:2 | Reached skill level 5 in Translocations
 83599 | Depths:2 | Acquired 705 gold pieces
 83775 | Depths:2 | Noticed Boris
 83779 | Depths:2 | Killed Boris
 84233 | Depths:3 | Noticed Boris
 84236 | Depths:3 | Killed Boris
 84438 | Depths:3 | Found a bloodstained altar of Trog.
 84625 | Depths:3 | Identified the +7 chain mail "Yruluvoe" {-Tele rC+ Str+5}
 84742 | Depths:3 | Found a one-way gate leading to the halls of Pandemonium.
 84804 | Depths:3 | Noticed the Enchantress
 84807 | Depths:3 | Killed the Enchantress
 84808 | Depths:3 | Identified the +5 war axe of Poverty {vorpal, Dex+4 SInv
                  | Stlth+}
 84813 | Depths:3 | Identified the +8 short sword of the Evil Eye {speed, rF+
                  | Dex+2}
 84813 | Depths:3 | Identified the +1 buckler of the Bulwark {rElec rPois rC-
                  | MP-9}
 84857 | Depths:3 | Identified the +5 giant club of Qufe {vamp, Str+3} (You
                  | took it off an ettin on level 3 of the Depths)
 84857 | Depths:3 | Identified the +4 giant club of Foul Odors {elec, rC+
                  | Stlth+} (You took it off an ettin on level 3 of the Depths)
 85532 | Depths:3 | Identified the +1 hat of Okawaru's Approval {rElec}
 86751 | Depths:4 | Noticed Sojobo
 86760 | Depths:4 | Killed Sojobo
 87016 | Depths:4 | Found Keqe's Book Emporium.
 87025 | Depths:4 | Bought a Necronomicon for 1987 gold pieces
 87036 | Depths:4 | Learned a level 8 spell: Necromutation
 87259 | Depths:5 | Entered Level 5 of the Depths
 87314 | Depths:5 | Reached skill level 27 in Earth Magic
 87383 | Depths:5 | Reached skill level 1 in Necromancy
 87384 | Depths:5 | Found a gate to the Realm of Zot.
 87945 | Depths:5 | Acquired 1066 gold pieces
 88046 | Depths:5 | Found a runed translucent door.
 88093 | Depths:5 | Found a runed translucent door.
 88191 | Depths:5 | Found a runed translucent door.
 88195 | Depths:5 | Found a runed translucent door.
 88204 | Depths:5 | Found a runed translucent door.
 88245 | Depths:5 | Found a runed translucent door.
 88762 | Hell     | Entered the Vestibule of Hell
 88762 | Hell     | Noticed Geryon
 88764 | Hell     | Reached skill level 10 in Armour
 88770 | Hell     | Killed Geryon
 89198 | Hell     | Found a gateway to the ashen valley of Gehenna.
 89287 | Hell     | Found a gateway to the freezing wastes of Cocytus.
 89409 | Hell     | Found a gateway to the Iron City of Dis.
 89512 | Hell     | Found a gateway to the decaying netherworld of Tartarus.
 89616 | Geh:1    | Entered Level 1 of Gehenna
 91001 | Geh:2    | Reached skill level 5 in Necromancy
 92952 | Geh:3    | Reached skill level 10 in Transmutations
 93046 | Geh:3    | Learned a level 8 spell: Lehudib's Crystal Spear
 93628 | Geh:4    | Found a huge runed gate.
 93629 | Geh:4    | Found a huge runed gate.
 93629 | Geh:4    | Found a huge runed gate.
 93629 | Geh:4    | Found a huge runed gate.
 93630 | Geh:4    | Found a huge runed gate.
 93630 | Geh:4    | Found a huge runed gate.
 93631 | Geh:4    | Found a huge runed gate.
 93631 | Geh:4    | Found a huge runed gate.
 93632 | Geh:4    | Found a huge runed gate.
 93634 | Geh:4    | Found a huge runed gate.
 93912 | Geh:4    | Found a huge runed gate.
 93913 | Geh:4    | Found a huge runed gate.
 93917 | Geh:4    | Found a huge runed gate.
 93917 | Geh:4    | Found a huge runed gate.
 93918 | Geh:4    | Found a huge runed gate.
 93935 | Geh:4    | Found a huge runed gate.
 93935 | Geh:4    | Found a huge runed gate.
 93935 | Geh:4    | Found a huge runed gate.
 93936 | Geh:4    | Found a huge runed gate.
 93936 | Geh:4    | Found a huge runed gate.
 93936 | Geh:4    | Found a huge runed gate.
 93936 | Geh:4    | Found a huge runed gate.
 93937 | Geh:4    | Found a huge runed gate.
 93937 | Geh:4    | Found a huge runed gate.
 93950 | Geh:4    | Found a huge runed gate.
 93950 | Geh:4    | Found a huge runed gate.
 93950 | Geh:4    | Found a huge runed gate.
 93950 | Geh:4    | Found a huge runed gate.
 93950 | Geh:4    | Found a huge runed gate.
 93950 | Geh:4    | Found a huge runed gate.
 93950 | Geh:4    | Found a huge runed gate.
 93951 | Geh:4    | Found a huge runed gate.
 93952 | Geh:4    | Found a huge runed gate.
 93962 | Geh:4    | Found a huge runed gate.
 93971 | Geh:4    | Found a huge runed gate.
 96855 | Geh:7    | Entered Level 7 of Gehenna
 98191 | Geh:7    | Noticed the Serpent of Hell
 98196 | Geh:7    | Killed the Serpent of Hell
 98225 | Geh:7    | Reached skill level 15 in Conjurations
 98809 | Geh:7    | Found the +7 sceptre of Asmodeus
 98809 | Geh:7    | Noticed Asmodeus
 98817 | Geh:7    | Killed Asmodeus
 99201 | Geh:7    | Found the ring of the Tortoise {AC+8}
 99210 | Geh:7    | Identified the +8 quick blade "Vixu" {freeze, +Rage rC+ rN+
                  | Dex+4}
 99211 | Geh:7    | Identified the ring of Ebecs {Drain rC+ Will- EV+4 Str+8}
 99216 | Geh:7    | Identified the Disquisition on Floating Flames
 99302 | Geh:7    | Got an obsidian rune of Zot
 99428 | Dis:1    | Entered Level 1 of the Iron City of Dis
103775 | Dis:3    | You are sucked into a shaft and drop 2 floors!
104469 | Dis:5    | Reached skill level 10 in Necromancy
105102 | Dis:5    | Reached skill level 15 in Armour
105377 | Dis:6    | Reached skill level 27 in Fighting
106049 | Dis:7    | Entered Level 7 of the Iron City of Dis
106378 | Dis:7    | Reached skill level 15 in Dodging
107096 | Dis:7    | Identified the ring of Nyopia {Fire Slay+5}
107239 | Dis:7    | Identified the +2 robe of Summertime {Will+ SInv}
108048 | Dis:7    | Identified the Papyrus of Flames and Lightness
108092 | Dis:7    | Identified the +3 long sword "Gargoyle's Foe" {flame,
                  | Str+2}
108288 | Dis:7    | Found the +4 staff of Dispater
108288 | Dis:7    | Noticed Dispater
108297 | Dis:7    | Killed Dispater
108455 | Dis:7    | Got an iron rune of Zot
108584 | Tar:1    | Entered Level 1 of Tartarus
117469 | Tar:6    | Reached skill level 15 in Transmutations
118480 | Tar:7    | Entered Level 7 of Tartarus
118859 | Tar:7    | Identified the +10 quarterstaff "Pogeat" {vorpal, rC++ rN+
                  | Str-2 Dex+3}
118964 | Tar:7    | Noticed a dread lich
118969 | Tar:7    | Killed a dread lich
118991 | Tar:7    | Identified the ring of Kizesamo {rN+ AC+4 Str-2 Dex+2}
118996 | Tar:7    | Identified the ring of Etre {Drain +Blink rPois SInv
                  | Stlth-}
119001 | Tar:7    | Identified the +5 long sword "Wom Zyv" {drain, rC+}
119124 | Tar:7    | Identified the +11 quick blade of Recklessness {freeze,
                  | rElec rN+ Int+4}
119131 | Tar:7    | Identified the +2 spear "Globulus" {vorpal, *Corrode rF-
                  | rN+++ Int+6}
119151 | Tar:7    | Identified the ring of Futunniny {rCorr SInv}
119501 | Tar:7    | Noticed Ereshkigal
119509 | Tar:7    | Killed Ereshkigal
120083 | Tar:7    | Got a bone rune of Zot
120258 | Coc:1    | Entered Level 1 of Cocytus
127172 | Coc:5    | Reached skill level 15 in Necromancy
129881 | Coc:7    | Entered Level 7 of Cocytus
129885 | Coc:7    | Reached skill level 27 in Spellcasting
131196 | Coc:7    | Noticed Antaeus
131502 | Coc:7    | Killed Antaeus
131623 | Coc:7    | Got an icy rune of Zot
132490 | Tomb:1   | Entered Level 1 of the Tomb of the Ancients
132674 | Tomb:1   | Noticed a royal mummy
132675 | Tomb:1   | Noticed a royal mummy
132676 | Tomb:1   | Noticed a royal mummy
132678 | Tomb:1   | Noticed a royal mummy
132679 | Tomb:1   | Killed a royal mummy
132679 | Tomb:1   | Killed a royal mummy
132680 | Tomb:1   | Killed a royal mummy
132680 | Tomb:1   | Killed a royal mummy
132681 | Tomb:1   | Noticed a royal mummy
132683 | Tomb:1   | Killed a royal mummy
132786 | Tomb:1   | Noticed a royal mummy
132788 | Tomb:1   | Noticed a royal mummy
132792 | Tomb:1   | Killed a royal mummy
132792 | Tomb:1   | Killed a royal mummy
132938 | Tomb:1   | Noticed a royal mummy
132940 | Tomb:1   | Identified the +8 broad axe of the Valley {flame, rF+}
132942 | Tomb:1   | Killed a royal mummy
133411 | Tomb:1   | Noticed a royal mummy
133415 | Tomb:1   | Killed a royal mummy
133415 | Tomb:1   | Noticed a royal mummy
133419 | Tomb:1   | Killed a royal mummy
133661 | Tomb:1   | Noticed a royal mummy
133666 | Tomb:1   | Killed a royal mummy
133738 | Tomb:1   | Noticed a royal mummy
133742 | Tomb:1   | Noticed a royal mummy
133747 | Tomb:1   | Killed a royal mummy
133748 | Tomb:1   | Killed a royal mummy
133818 | Tomb:1   | Noticed a royal mummy
133818 | Tomb:1   | Noticed a royal mummy
133820 | Tomb:1   | Noticed a royal mummy
133820 | Tomb:1   | Noticed a royal mummy
133820 | Tomb:1   | Noticed a royal mummy
133821 | Tomb:1   | Killed a royal mummy
133821 | Tomb:1   | Killed a royal mummy
133821 | Tomb:1   | Killed a royal mummy
133822 | Tomb:1   | Killed a royal mummy
133822 | Tomb:1   | Noticed a royal mummy
133823 | Tomb:1   | Noticed a royal mummy
133824 | Tomb:1   | Killed a royal mummy
133826 | Tomb:1   | Killed a royal mummy
133826 | Tomb:1   | Killed a royal mummy
133926 | Tomb:2   | Identified the +7 falchion of Makhleb's Grace {flame, rF+
                  | Str+4 Int+4}
134113 | Tomb:2   | Noticed a royal mummy
134116 | Tomb:2   | Killed a royal mummy
134119 | Tomb:2   | Noticed a royal mummy
134122 | Tomb:2   | Killed a royal mummy
134129 | Tomb:2   | Noticed a royal mummy
134142 | Tomb:3   | Entered Level 3 of the Tomb of the Ancients
134153 | Tomb:3   | Killed a royal mummy
134155 | Tomb:3   | Noticed a royal mummy
134159 | Tomb:3   | Noticed a royal mummy
134159 | Tomb:3   | HP: 9/199 [mummy priest/divine providence (14)]
134162 | Tomb:3   | Killed a royal mummy
134163 | Tomb:3   | Noticed a royal mummy
134170 | Tomb:3   | Killed a royal mummy
134173 | Tomb:3   | Noticed a royal mummy
134176 | Tomb:3   | HP: 5/199 [emperor scorpion[a royal mummy] (6)]
134178 | Tomb:3   | Slain by an emperor scorpion

Illustrated notes

Levels and vault maps discovered:
D:1:      minmay_arrival_semitransparent, layout_loops_cross, serial_shops,
          shop, shop, shop, shop, ebering_ecumenical_altar_sacrificial,
          minmay_lizard_king
D:2:      layout_basic, uniq_natasha
D:3:      kennysheep_big_flooded_room, layout_loops_ring, uniq_robin,
          uniq_grinder
D:4:      gammafunk_cloud_chamber, layout_basic, gammafunk_ghost_smash,
          minmay_starry_boxes
D:5:      layout_basic, cheibriados_altar_1, minmay_temple_entry_grid,
          portal_sewer_entry_f, hangedman_decor_points, uniq_pikel
D:6:      layout_rooms, hex_tiny
D:7:      layout_loops_ring, serial_shops, nicolae_shop_stone,
          chequers_serial_rivers_room_b, worms_lemuel, uniq_duvessa
D:8:      layout_rooms, minmay_lair_entry_grove, serial_aquarium,
          aquarium_bridge_square [aquarium_subvault_wall,
          aquarium_subvault_bridge, aquarium_subvault_bridge,
          aquarium_subvault_window], aquarium_window_corridor_2,
          aquarium_window_2, aquarium_window_1, aquarium_view_2b,
          grunt_decor_one_mirror
D:9:      layout_irregular_city, serial_shops, shop,
          minmay_fractal_squares_diagonal_5
D:10:     layout_loops_ring, kennysheep_orc_monster_closet_entryway,
          gammafunk_ghost_hydra_chop
D:11:     layout_roguey, ebering_ghost_disaster_area
D:12:     minmay_the_grid_triangle_9x9_line_8_mashed
          [minmay_the_grid_triangle_9x9_zippers_vertical,
          minmay_the_grid_triangle_9x9_swiss_cheese,
          minmay_the_grid_triangle_9x9_alien,
          minmay_the_grid_triangle_9x9_dagger,
          minmay_the_grid_triangle_9x9_flanged_cone,
          minmay_the_grid_triangle_9x9_limited_checkers,
          minmay_the_grid_triangle_9x9_fully_insulated_deathbox,
          minmay_the_grid_triangle_9x9_prize_top_heavy], layout_long_grid
D:13:     layout_stronghold, portal_ice_cave_entry_pillars_1,
          nicolae_uskayaw_suspiria
D:14:     layout_basic, erik_vaults_1, serial_park_square1
          [serial_park_minivault_5x5_5], tso_altar
D:15:     grunt_enter_depths_magical_seal, layout_loops_ring,
          minmay_stone_trees_large, gammafunk_ghost_berserking_beasts
Temple:   kilobyte_greek_temple
Lair:1:   layout_loops_ring, grunt_megastairs_2, infiniplex_staircase_pool,
          uniq_grum, uniq_maggie
Lair:2:   layout_long_grid, minmay_shoals_entry_hut, minmay_hedge_maze,
          chequers_serial_rivers_room_a, minmay_lair_oklob_chamber, uniq_fannar
Lair:3:   layout_chaotic_city, fungi_pond_lemuel, lemuel_old_faithful
Lair:4:   layout_roguey, spider_nest_entry_web_field, minmay_lair_drake_nest,
          uniq_josephine
Lair:5:   layout_gridlike, gammafunk_ghost_abyssal_escape, minivault_19,
          minmay_lair_oklob_bushes, infiniplex_staircase_pool_2
Lair:6:   gammafunk_lair_ancient_temple, layout_cave_shapes,
          nicolae_slime_entry_slimehenge, serial_bayou_pond_d
Shoals:1: layout_shoals, serial_shops, shop
Shoals:2: layout_shoals, ebering_ghost_rock_garden, nicolae_shoals_raging_river
Shoals:3: layout_shoals, wheals_shoals_ruined_temple
Shoals:4: shoals_end_grunt_ice, layout_shoals
Spider:1: layout_spider_delve
Spider:2: layout_spider_delve, nicolae_spider_bug_shape
Spider:3: nicolae_spider_hilbert_zone_4 [nicolae_spider_hilbert_4_sides_2_open,
          nicolae_spider_hilbert_4_sides_1_open,
          nicolae_spider_hilbert_4_sides_1_open,
          nicolae_spider_hilbert_4_sides_1_open,
          nicolae_spider_hilbert_4_sides_1_open,
          nicolae_spider_hilbert_2_sides_1_open,
          nicolae_spider_hilbert_2_sides_1_open,
          nicolae_spider_hilbert_2_sides_1_open,
          nicolae_spider_hilbert_2_sides_1_open,
          nicolae_spider_hilbert_6_sides_1_open,
          nicolae_spider_hilbert_6_sides_1_open,
          nicolae_spider_hilbert_3_sides_1_open,
          nicolae_spider_hilbert_3_sides_1_open]
Spider:4: floodkiller_spider_rune_tomb, uniq_mara, uniq_arachne
Slime:1:  layout_caves
Slime:2:  layout_caves, basic_altar
Slime:3:  layout_caves
Slime:4:  layout_caves, basic_altar, cheibrodos_slime_lost_civilization_7,
          uniq_dissolution
Slime:5
Orc:1:    layout_caves, kennysheep_orc_sif_temple, uniq_jorgrun
Orc:2:    grunt_orc_cross, layout_caves, basic_altar, mines3_lemuel
Elf:1:    layout_gridlike, hangedman_corner_corridor,
          einodemon_crawler_minivault, grunt_megastairs_1
Elf:2:    layout_geoelf_diagonals, serial_shops, nicolae_shop_trees,
          evilmike_minifort
Elf:3:    minmay_elf_hall_x, layout_geoelf_diagonals, drop_trap,
          grunt_megastairs_3
Vaults:1: vaults_mumra_hex, hangedman_vaults_hat, grunt_vaults_hallway_short,
          ontoclasm_vaults_twist, st_squares, nicolae_vaults_diagonal_hallway_8,
          v_misc_9, nicolae_vaults_ninety_degrees, nicolae_vaults_big_ls,
          layout_vaults_omnibox, serial_shops, shop
Vaults:2: hangedman_vaults_variations, minmay_crypt_entry_nasty_monster,
          v_misc_33, ontoclasm_vaults_shout, grunt_vaults_diagonal,
          nicolae_vaults_network_barrier, nicolae_vaults_little_squares_6,
          vaults_mumra_minichess, nicolae_vaults_network_star,
          hangedman_vaults_unwind, vaults_dpeg_encased_lava, vaults_dpeg_spiral,
          layout_vaults_omnicross, uniq_asterion
Vaults:3: ebering_vaults_ghost_xom, hangedman_vaults_snaps,
          nicolae_vaults_windows_and_doors_thing, vaults_dpeg_diagonal,
          vaults_room_hangedman_quadrants, nicolae_vaults_theta,
          layout_vaults_quadrants, serial_shops, shop, uniq_margery,
          uniq_saint_roka
Vaults:4: advil_vaults_ghost_lines, grunt_vaults_hallway_long, st_cross,
          dpeg_vaults_monster_box, ontoclasm_vaults_gateway, v_misc_10,
          hangedman_vaults_corner_blocks, nicolae_vaults_little_squares_5,
          vaults_mumra_hexcomb, layout_vaults_chaotic_city
Vaults:5
Crypt:1:  layout_gridlike, weyrava_lich_vault, lemuel_upstairs_altar,
          grunt_megastairs_5
Crypt:2:  layout_chaotic_city, gammafunk_ghost_necromancy
Crypt:3:  church_of_pain_bobbens, layout_chaotic_city,
          nicolae_tomb_entry_unfolded_pyramid_orthogonal,
          nrook_guardian_serpent_ordinary, uniq_jory, uniq_frederick
Tomb:1
Tomb:2
Tomb:3
Depths:1: layout_roguey, enter_ziggurat_e, hell_entry, zin_purify,
          minmay_shop_grove
Depths:2: minmay_open_boxes_in_corner, layout_gridville, abyss_entry,
          hangedman_coc_ice_floe, kennysheep_doodads,
          infiniplex_staircase_zigzag_2
Depths:3: spriggan_forest, serial_shops, pan_entry, hell_entry, abyss_entry
Depths:4: kennysheep_bubbly, layout_gridville, chequers_serial_rivers_room_a,
          abyss_entry, serial_shops, shop, grunt_hell_horde,
          infiniplex_staircase_zigzag_5, serial_bayou_shore_a,
          serial_bayou_shore_b, uniq_sojobo
Depths:5: evilmike_zot_entry_castle, layout_long_grid, hell_entry,
          skrybe_limestone_x, uniq_boris
Hell
Dis:1:    layout_subdivisions
Dis:2:    layout_jigsaw, hangedman_dis_decor_blocks_crown
Dis:3:    layout_gridville, nrook_loot_triangle, grunt_dis_stairs_iron_hall
Dis:5:    layout_regular_city
Dis:6:    layout_overlapping_boxes
Dis:7:    iron_city_of_dis [dis_old, dis_wall_4], layout_chaotic_city
Geh:1:    layout_gehenna_pools_triple
Geh:2:    layout_gehenna_lava_caves
Geh:3:    layout_gehenna_pools_basic
Geh:4:    layout_gehenna_lava_caves, not_door_vault_due
Geh:5:    layout_gehenna_lava_caves
Geh:6:    layout_gehenna_pools_box
Geh:7:    geh_mu
Coc:1:    layout_cocytus_water_paths
Coc:2:    layout_ice_bergs
Coc:3:    layout_cocytus_water_paths
Coc:4:    layout_cocytus_water_paths
Coc:5:    layout_ice_bergs
Coc:6:    layout_ice_bergs
Coc:7:    coc_old
Tar:1:    layout_cathedral_of_symmetry
Tar:2:    layout_grid_maze, nicolae_tar_cuneiform_not,
          nicolae_tar_cuneiform_three, nicolae_tar_cuneiform_oil
Tar:3:    layout_catacombs, grunt_megastairs_4
Tar:4:    layout_catacombs
Tar:5:    layout_honeycomb
Tar:6:    layout_honeycomb, nicolae_tar_cuneiform_two,
          nicolae_tar_cuneiform_bread
Tar:7:    tar_old

Skill      XL: |  1  2  3  4  5  6  7  8  9 10 11 12 13 14 15 16 17 18 19 20 21 22 23 24 25 26 27 |
---------------+----------------------------------------------------------------------------------+-----
Earth Magic    | 4 5 6 7 8 10 11 13 14 15 16 17 18 19 20 21 22 23 24 27 | 27.0
Conjurations   | 1 2 3 4 6 7 9 22 | 22.7
Spellcasting   | 3 4 5 6 7 9 10 11 12 13 14 15 16 17 18 19 20 21 27 | 27.0
Transmutations | 1 4 6 7 8 18 | 18.2
Fighting       | 4 7 9 10 12 13 14 16 17 18 19 20 21 22 27 | 27.0
Armour         | 4 5 22 | 22.0
Dodging        | 3 5 7 8 9 10 20 | 20.6
Shields        | 4 25 | 25.3
Ice Magic      | 3 7 10 12 13 14 15 16 17 18 26 | 26.9
Translocations | 8 |  8.6
Necromancy     | 16 | 16.7
Stealth        | |  2.1

Action                   |  1- 3 |  4- 6 |  7- 9 | 10-12 | 13-15 | 16-18 | 19-21 | 22-24 | 25-27 || total
-------------------------+-------+-------+-------+-------+-------+-------+-------+-------+-------++-------
Melee: Unarmed           |     4 |       |       |       |       |       |       |       |       ||     4
       Flail             |       |   225 |    36 |       |       |       |       |       |       ||   261
       Long sword        |       |       |    10 |    67 |    71 |       |       |       |       ||   148
       Falchion          |       |       |       |       |    37 |    69 |   104 |    74 |   124 ||   408
       Staff             |       |       |       |       |       |       |       |       |   406 ||   406
 Cast: Sandblast         |    58 |    19 |    12 |    30 |    52 |    10 |       |       |       ||   181
       Stone Arrow       |       |     6 |   141 |   218 |   538 |    20 |     5 |     8 |    20 ||   956
       Lee's Rapid Decon |       |       |     3 |    35 |    69 |    10 |    19 |    21 |   180 ||   337
       Petrify           |       |       |     1 |    10 |    10 |     7 |     1 |       |       ||    29
       Iron Shot         |       |       |       |       |    48 |   274 |   185 |   239 |  2386 ||  3132
       Bolt of Magma     |       |       |       |       |       |   433 |   287 |     3 |    33 ||   756
       Ozocubu's Refrige |       |       |       |       |       |    10 |    64 |    22 |    16 ||   112
       Shatter           |       |       |       |       |       |       |    62 |   116 |   784 ||   962
       Polar Vortex      |       |       |       |       |       |       |       |     3 |   101 ||   104
       Lehudib's Crystal |       |       |       |       |       |       |       |       |    94 ||    94
       Necromutation     |       |       |       |       |       |       |       |       |     9 ||     9
Evoke: Wand              |       |     9 |       |       |    10 |     1 |       |    13 |       ||    33
  Use: Potion            |       |     1 |       |       |     1 |     2 |       |     3 |    13 ||    20
       Scroll            |       |       |     6 |       |     5 |    18 |     9 |     2 |    14 ||    54
 Stab: Sleeping          |       |     1 |     1 |       |       |       |       |     1 |       ||     3
       Distracted        |       |       |       |       |       |       |       |       |     2 ||     2
Armor: Robe              |     8 |   124 |    36 |       |       |       |   149 |   125 |   800 ||  1242
       Leather armour    |       |       |    13 |   130 |   280 |   237 |   157 |       |       ||   817
Dodge: Dodged            |    15 |   262 |   137 |   208 |   467 |   327 |   335 |   135 |   762 ||  2648
Block: Buckler           |       |       |       |       |    23 |    87 |    87 |    39 |    68 ||   304
       Kite shield       |       |       |       |       |       |       |       |       |   791 ||   791
       Rpst.: Long sword |       |       |    12 |    60 |    96 |       |       |       |       ||   168
       Falchion          |       |       |       |       |    27 |    61 |    53 |    20 |    29 ||   190

Table legend: (Time is in decaauts)
 A = Elapsed time spent in this place.
 B = Non-inter-level travel time spent in this place.
 C = Inter-level travel time spent in this place.
 D = Time resting spent in this place.
 E = Time spent auto-exploring this place.
 F = Levels seen in this place.
 G = Mean time per level.
                   A        B        C        D        E       F      G
               +--------+--------+--------+--------+--------+-----+--------+
         Total | 135021 | 128979 |   6042 |   5292 | 103833 | 106 | 1273.8 |
       Dungeon |  20836 |  19142 |   1694 |    902 |  15626 |  15 | 1389.1 |
        Temple |    197 |    151 |     46 |      0 |    149 |   1 |  197.0 |
          Lair |  10561 |   9798 |    763 |    432 |   8152 |   6 | 1760.2 |
        Shoals |   7349 |   7087 |    262 |    102 |   6147 |   4 | 1837.2 |
   Spider Nest |   7880 |   7633 |    247 |    325 |   6285 |   4 | 1970.0 |
    Slime Pits |   3557 |   3306 |    251 |    180 |   2674 |   5 |  711.4 |
  Orcish Mines |   3330 |   3147 |    183 |    496 |   2152 |   2 | 1665.0 |
   Elven Halls |   7881 |   7518 |    363 |    357 |   6199 |   3 | 2627.0 |
        Vaults |  12565 |  11977 |    588 |   1298 |   8817 |   5 | 2513.0 |
         Crypt |   5666 |   5390 |    276 |    629 |   3879 |   3 | 1888.7 |
          Tomb |   1753 |   1743 |     10 |      0 |   1343 |   3 |  584.3 |
        Depths |   6627 |   6313 |    314 |    197 |   5255 |   5 | 1325.4 |
          Hell |   1173 |   1014 |    159 |    374 |    529 |   1 | 1173.0 |
           Dis |   9151 |   8982 |    169 |      0 |   7570 |   6 | 1525.2 |
       Gehenna |   9660 |   9349 |    311 |      0 |   7862 |   7 | 1380.0 |
       Cocytus |  11720 |  11540 |    180 |      0 |   9479 |   7 | 1674.3 |
      Tartarus |  11728 |  11504 |    224 |      0 |   9723 |   7 | 1675.4 |
      Ziggurat |   2386 |   2386 |      0 |      0 |   1155 |  20 |  119.3 |
         Sewer |    199 |    199 |      0 |      0 |    162 |   1 |  199.0 |
      Ice Cave |    792 |    792 |      0 |      0 |    673 |   1 |  792.0 |
               +--------+--------+--------+--------+--------+-----+--------+

Top non-repeatable levels by time:
Vaults:1: 2972 daAuts
   Elf:2: 2946 daAuts
Vaults:2: 2932 daAuts
Vaults:4: 2814 daAuts
Spider:4: 2765 daAuts
   Geh:7: 2547 daAuts
   Elf:1: 2494 daAuts
   Dis:7: 2489 daAuts
   Elf:3: 2440 daAuts
Spider:3: 2406 daAuts
Shoals:2: 2285 daAuts
Shoals:3: 2266 daAuts
Vaults:3: 2241 daAuts
   Coc:7: 2233 daAuts
 Crypt:2: 2067 daAuts
